 Dungeon Crawl Stone Soup version 0.21.1-1-g345015fe64 (webtiles) character file.

2655 Lavandula the Magician (level 9, 49/81 HPs)
             Began as a Deep Dwarf Transmuter on May 26, 2018.
             Quit the game on level 8 of the Dungeon.
             The game lasted 00:21:48 (3868 turns).

Lavandula the Magician (Deep Dwarf Transmuter)      Turns: 3868, Time: 00:21:48

Health: 49/81      AC:  6    Str: 17    XL:     9   Next: 36%
Magic:  17/17      EV: 14    Int: 14    God:
Gold:   101        SH:  0    Dex: 13    Spells: 12/22 levels left

rFire    . . .     SeeInvis .     - Unarmed
rCold    . . .     Gourm    .   (no shield)
rNeg     + . .     Faith    .   F - +2 robe {MR+}
rPois    .         Spirit   .   (no helmet)
rElec    .         Reflect  .   (no cloak)
rCorr    .         Harm     .   (no gloves)
MR       ++...                  (no boots)
Stlth    ++........             (no amulet)
HPRegen  0.00/turn              u - ring of stealth
MPRegen  0.15/turn              y - ring of positive energy

@: non-regenerating
A: damage resistance, heal wounds, thin metallic scales 1, mutation resistance
1, sense surroundings 2, sturdy frame 1, no regeneration
a: Heal Wounds


You were on level 8 of the Dungeon.
You were hungry.

You visited 2 branches of the dungeon, and saw 9 of its levels.

You collected 297 gold pieces.
You spent 196 gold pieces at shops.

Inventory:

Hand Weapons
 n - a +2 flail of holy wrath
 w - a cursed +0 blowgun
 G - a +1 whip of electrocution
Missiles
 a - 166 arrows
 o - 2 throwing nets (quivered)
 z - 3 tomahawks
Armour
 b - a +0 robe
 e - a +0 chain mail of poison resistance
 C - a +0 robe
 F - a +2 robe of magic resistance (worn)
Jewellery
 u - a ring of stealth (left hand)
 y - a ring of positive energy (right hand)
Wands
 g - a wand of iceblast (8)
 B - a wand of paralysis (19)
Scrolls
 i - 6 scrolls of teleportation
 k - 2 scrolls of immolation
 p - 2 scrolls of remove curse
 q - a scroll of blinking
 s - a scroll of amnesia {unknown}
 t - a scroll of fog {unknown}
 E - a scroll of enchant weapon {unknown}
Potions
 f - 3 potions of flight
 h - 3 potions of haste
 j - 4 potions of curing
 l - 2 potions of magic {unknown}
 m - a potion of ambrosia
 v - 3 potions of heal wounds
 x - 2 potions of lignification
 D - a potion of brilliance
 H - a potion of resistance {unknown}
Books
 c - a book of Changes

   Spells                             Type                      Level
   a - Beastly Appendage              Transmutation                1
   b - Sticks to Snakes               Transmutation                2
   c - Spider Form                    Transmutation/Poison         3
   d - Ice Form                       Ice/Transmutation            4
   e - Blade Hands                    Transmutation                5
 r - a book of Conjurations

   Spells                             Type                      Level
   a - Magic Dart                     Conjuration                  1
   b - Searing Ray                    Conjuration                  2
   c - Dazzling Spray                 Conjuration/Hexes            3
   d - Fulminant Prism                Conjuration/Hexes            4
   e - Force Lance                    Conjuration/Translocation    4
   f - Iskenderun's Mystic Blast      Conjuration                  4
 A - a Young Poisoner's Handbook

   Spells                             Type                      Level
   a - Sting                          Conjuration/Poison           1
   b - Poisonous Vapours              Poison/Air                   2
   c - Mephitic Cloud                 Conjuration/Poison/Air       3
   d - Olgreb's Toxic Radiance        Poison                       4
   e - Venom Bolt                     Conjuration/Poison           5
Comestibles
 d - 9 rations


   Skills:
 + Level 5.3 Fighting
 - Level 4.7 Dodging
 - Level 6.3 Unarmed Combat
 - Level 7.0 Spellcasting
 - Level 3.2 Transmutations


You had 12 spell levels left.
You knew the following spells:

 Your Spells              Type           Power        Failure   Level  Hunger
a - Beastly Appendage     Tmut           ##....       3%          1    None
b - Sticks to Snakes      Tmut           ##......     5%          2    #......
c - Spider Form           Tmut/Pois      #.........   22%         3    ##.....
d - Ice Form              Ice/Tmut       #.......     58%         4    ####...


Dungeon Overview and Level Annotations

Branches:
Dungeon (8/15)             Temple (1/1) D:7
   Lair: D:8-11

Altars:
Ashenzari
Cheibriados
Dithmenos
Elyvilon
Fedhas
Gozag
Hepliaklqana
Kikubaaqudgha
Nemelex Xobeh
Okawaru
Ru
Sif Muna
Trog
Uskayaw
Vehumet
Xom
Yredelemnul
Zin
The Shining One

Shops:
D:6 ?   D:7 (

Annotations:
D:6 kajmaj's ghost, novice MfIE


Innate Abilities, Weirdness & Mutations

You are resistant to damage.
You can heal yourself by infusing magical energy.
You passively map the area around you.
You do not regenerate.
You are partially covered in thin metallic scales. (AC +2)
You are somewhat resistant to further mutation.
Your movements are slightly less encumbered by armour. (ER -2)


Message History

Reactivating autopickup.
You hit the sky beast but do no damage.
The sky beast looks even sicker.
The sky beast is almost dead.
The sky beast barely misses you.
You barely miss the sky beast.
The sky beast is almost dead.
You kill the sky beast!
Your transformation has ended.
Your +2 robe of magic resistance unmelds from your body.
You feel resistant to hostile enchantments.
You open the door.
Found 25 stones.
Found 25 stones.
There is an open door here.
Found a stone staircase leading down.
You see here a scale mail.
Found a leather armour.
An ice beast comes into view.
An ice beast is nearby!
Are you sure you want to abandon this character and quit the game? (Confirm with "yes".)

* # #. #.
#.##################
###...................
***
#.....................
,
#..Y.@................
+ + ,
#.....................
,,
###+#################.
* * , #......###......
, , , ,
+........'...(.. **
**#.......##...... ,,
* * , #.......##(.....
, #.......#######. , ,
, ####+##.#.[.....


You could see an ice beast.

Vanquished Creatures
  Pikel (D:6)
  Grinder (D:4)
  Edmund (D:4)
  2 orc warriors (D:8)
  A slave (D:6)
  A phantom (D:6)
  An ogre (D:8)
  2 sky beasts
  2 centaurs
  A big kobold (D:7)
  2 bullfrogs
  3 crimson imps
  4 hounds
  A quasit (D:8)
  A centaur skeleton (D:6)
  A jelly (D:7)
  2 orc priests
  A bullfrog skeleton (D:5)
  An iguana (D:5)
  5 orc wizards
  7 worker ants
  A killer bee zombie (D:6)
  A worker ant zombie (D:6)
  3 gnolls (D:3)
  9 adders
  A shadow imp (D:7)
  An adder skeleton (D:6)
  5 worms
  6 leopard geckos
  14 orcs
  4 bats (D:3)
  3 giant cockroaches
  6 goblins
  2 hobgoblins
  9 jackals
  8 kobolds
  A ball python (D:3)
  2 frilled lizards (D:3)
  2 leopard gecko skeletons
  4 rats
123 creatures vanquished.

Vanquished Creatures (others)
  A bullfrog skeleton (D:6)
1 creature vanquished.

Grand Total: 124 creatures vanquished

Notes
Turn   | Place    | Note
-------+----------+-------------------------------------------
     0 | D:1      | Lavandula the Deep Dwarf Transmuter began the quest for the Orb.
     0 | D:1      | Reached XP level 1. HP: 16/16 MP: 3/3
    52 | D:1      | Reached XP level 2. HP: 21/24 MP: 2/4
   181 | D:3      | Reached XP level 3. HP: 23/30 MP: 2/5
   323 | D:4      | Learned a level 2 spell: Sticks to Snakes
   336 | D:4      | Reached skill level 2 in Spellcasting
   341 | D:4      | Learned a level 3 spell: Spider Form
   374 | D:4      | Noticed Edmund
   393 | D:4      | Killed Edmund
   393 | D:4      | Reached skill level 3 in Spellcasting
   393 | D:4      | Reached XP level 4. HP: 19/37 MP: 2/9
   393 | D:4      | Reached XP level 5. HP: 22/43 MP: 2/10
   516 | D:4      | Noticed Grinder
   526 | D:4      | Killed Grinder
   526 | D:4      | Reached skill level 5 in Unarmed Combat
   526 | D:4      | Reached XP level 6. HP: 22/50 MP: 7/11
   719 | D:3      | Found a snail-covered altar of Cheibriados.
  1003 | D:3      | Found a shadowy altar of Dithmenos.
  1003 | D:3      | Found an ancient bone altar of Kikubaaqudgha.
  1010 | D:3      | Found a faded altar of an unknown god.
  1012 | D:3      | Found a hazy altar of Hepliaklqana.
  1013 | D:3      | Found a sacrificial altar of Ru.
  1214 | D:5      | Entered Level 5 of the Dungeon
  1295 | D:4      | Reached XP level 7. HP: 38/56 MP: 8/12
  1373 | D:4      | Learned a level 4 spell: Ice Form
  1400 | D:5      | Reached skill level 1 in Fighting
  1581 | D:5      | Noticed a hand axe
  1582 | D:5      | Noticed a hand axe
  1582 | D:5      | Found a hide-covered altar of Uskayaw.
  1670 | D:5      | Found a basalt altar of Yredelemnul.
  2107 | D:6      | Reached XP level 8. HP: 44/70 MP: 3/13
  2206 | D:6      | Found a shattered altar of Ashenzari.
  2208 | D:6      | Found a glowing golden altar of the Shining One.
  2297 | D:6      | Found Cihui's Magic Scroll Emporium.
  2311 | D:6      | Noticed kajmaj's ghost (novice MfIE)
  2313 | D:6      | Bought a scroll of teleportation for 42 gold pieces
  2313 | D:6      | Bought a scroll of identify for 28 gold pieces
  2313 | D:6      | Bought a scroll of remove curse for 42 gold pieces
  2407 | D:7      | Reached skill level 4 in Spellcasting
  2444 | D:7      | Gained mutation: Your movements are slightly less encumbered by armour. (ER -2) [potion of mutation]
  2444 | D:7      | Gained mutation: You are partially covered in thin metallic scales. (AC +2) [potion of mutation]
  2444 | D:7      | Gained mutation: You are somewhat resistant to further mutation. [potion of mutation]
  2471 | D:7      | Found Canloos's Weapon Emporium.
  2783 | D:7      | Found a sparkling altar of Nemelex Xobeh.
  2836 | D:7      | Reached skill level 5 in Spellcasting
  2884 | D:7      | Found a staircase to the Ecumenical Temple.
  2890 | Temple   | Entered the Ecumenical Temple
  3113 | D:6      | Bought a scroll of identify for 28 gold pieces
  3113 | D:6      | Bought a scroll of identify for 28 gold pieces
  3113 | D:6      | Bought a scroll of identify for 28 gold pieces
  3222 | D:6      | Noticed Pikel
  3269 | D:6      | Killed Pikel
  3269 | D:6      | Reached skill level 6 in Spellcasting
  3269 | D:6      | Gained mutation: You passively map the area around you. [Deep Dwarf growth]
  3269 | D:6      | Reached XP level 9. HP: 50/76 MP: 9/16
  3574 | D:8      | Reached skill level 7 in Spellcasting
  3665 | D:8      | Noticed a two-headed ogre
  3766 | D:8      | Reached skill level 5 in Fighting
  3868 | D:8      | Quit the game

Skill      XL: |  1  2  3  4  5  6  7  8  9 |
---------------+----------------------------+-----
Unarmed Combat | 3 4 5 6 |  6.3
Spellcasting   | 3 6 7 |  7.0
Transmutations | 3 |  3.2
Fighting       | 3 5 |  5.3
Dodging        | 4 |  4.7

Action                   |  1- 3 |  4- 6 |  7- 9 || total
-------------------------+-------+-------+-------++-------
Melee: Unarmed           |    82 |    96 |   252 ||   430
       Kick              |    10 |       |       ||    10
       Headbutt          |     2 |       |       ||     2
       Punch             |     1 |       |     1 ||     2
 Cast: Beastly Appendage |    14 |       |       ||    14
       Sticks to Snakes  |     2 |       |       ||     2
       Spider Form       |     1 |    17 |    39 ||    57
 Abil: Heal Wounds       |     2 |     2 |     8 ||    12
  Use: Scroll            |       |       |    11 ||    11
       Potion            |       |       |     3 ||     3
 Stab: Sleeping          |     1 |       |     5 ||     6
  Eat: Chunk             |       |     4 |     7 ||    11
       Ration            |       |       |     2 ||     2
Armor: Robe              |    10 |     2 |    12 ||    24
       Skin              |       |     1 |    12 ||    13
Dodge: Dodged            |    34 |    70 |   205 ||   309
